 Dungeon Crawl Stone Soup version 0.22-a0-460-g49b1da7e92 (webtiles) character file.

32 Oravi the Gusty (level 3, 0/19 HPs)
             Began as a Tengu Air Elementalist on June 9, 2018.
             Succumbed to a goblin's poison
             ... on level 2 of the Dungeon.
             The game lasted 00:03:55 (952 turns).

Oravi the Gusty (Tengu Air Elementalist)             Turns: 952, Time: 00:03:56

Health: 0/19       AC:  2    Str:  8    XL:     3   Next: 27%
Magic:  7/7        EV: 13    Int: 16    God:
Gold:   29         SH:  0    Dex: 14    Spells: 5/6 levels left

rFire    . . .     SeeInvis .   b - +0 dagger
rCold    . . .     Gourm    .   (no shield)
rNeg     . . .     Faith    .   a - +0 robe
rPois    .         Spirit   .   (helmet restricted)
rElec    .         Reflect  .   (no cloak)
rCorr    .         Harm     .   (no gloves)
MR       .....                  (boots unavailable)
Stlth    ++........             (no amulet)
HPRegen  0.06/turn              (no ring)
MPRegen  0.10/turn              (no ring)

@: lethally poisoned (0 -> -11)
A: beak, talons 3
a: no special abilities


You were on level 2 of the Dungeon.
You were not hungry.

You visited 1 branch of the dungeon, and saw 2 of its levels.

You collected 29 gold pieces.

Inventory:

Hand Weapons
 b - a +0 dagger (weapon)
Missiles
 i - 7 stones (quivered)
 j - 8 javelins
Armour
 a - a +0 robe (worn)
Scrolls
 d - 3 scrolls of remove curse {unknown}
 e - 2 scrolls of identify {unknown}
 g - a scroll of fear {unknown}
Comestibles
 c - 3 rations
 f - 5 chunks of flesh


   Skills:
 + Level 2.4 Dodging
 - Level 2.0 Stealth
 + Level 2.4 Spellcasting
 + Level 2.4 Conjurations
 + Level 4.5 Air Magic


You had 5 spell levels left.
You knew the following spells:

 Your Spells              Type           Power        Failure   Level  Hunger
a - Shock                 Conj/Air       ##..         4%          1    #......

Your spell library contained the following spells:

 Spells                   Type           Power        Failure   Level  Hunger
 Lightning Bolt           Conj/Air       ##........   78%         5    ######.
 Swiftness                Chrm/Air       #.......     12%         2    ###....
 Airstrike                Air            ###.......   30%         4    #####..
 Static Discharge         Conj/Air       ##......     14%         3    ###....


Dungeon Overview and Level Annotations

Branches:
Dungeon (2/15)

Altars:


Innate Abilities, Weirdness & Mutations

You have a beak for a mouth.
You have claws for feet.


Message History

You feel less confused.
You feel sick.
You feel sick.
You feel sick.
You feel sick.
You feel sick.
You feel sick.
You feel sick.
You feel sick.
* * * LOW HITPOINT WARNING * * *
You feel sick.
* * * LOW HITPOINT WARNING * * *
You feel sick.
Your magical contamination has completely faded away.
You aren't carrying any potions.
* * * LOW HITPOINT WARNING * * *
You feel sick.
* * * LOW HITPOINT WARNING * * *
You feel sick.
You die...

#.# #.# #.# #.# #.#
##########
########.###.........
#รท.....<.......##.##
#.###..........##.##.#
#.# #.##.####@......[.
#.# #.##.# #).###.#..
#.# #.....(....#
##.###.########.#
#.#..)......#####..
#....###............
....................
....####...######.#..
....####..(# .....


There were no monsters in sight!

Vanquished Creatures
  A worm (D:1)
  2 dart slugs
  A leopard gecko (D:1)
  2 giant cockroaches (D:1)
  4 goblins
  A hobgoblin (D:1)
  2 jackals (D:1)
  4 bats
  A frilled lizard (D:1)
  2 kobolds (D:1)
  3 rats
23 creatures vanquished.

Notes
Turn   | Place    | Note
-------+----------+-------------------------------------------
     0 | D:1      | Oravi the Tengu Air Elementalist began the quest for the Orb.
     0 | D:1      | Reached XP level 1. HP: 10/10 MP: 4/4
   170 | D:1      | Reached XP level 2. HP: 15/15 MP: 0/6
   816 | D:1      | Reached XP level 3. HP: 19/19 MP: 0/7
   952 | D:2      | Succumbed to a goblin's poison

Vault maps used:
D:1:      lightli_arrival_statuegarden, minmay_misc_feat_hallway
D:2:      lemuel_blue_sif_altar, uniq_natasha, uniq_sigmund, uniq_robin

Skill      XL: |  1  2 |
---------------+-------+-----
Conjurations   | 2 |  2.4
Dodging        | |  2.4
Stealth        | |  2.0
Spellcasting   | |  2.4
Air Magic      | |  4.5

Action                   || total
-------------------------++-------
Melee: Dagger            ||    12
       Kick              ||     4
       Peck              ||     3
 Cast: Shock             ||    51
  Use: Potion            ||     2
  Eat: Chunk             ||     1
Armor: Robe              ||     7
Dodge: Dodged            ||    14

Table legend:
 A = Spawn XP
 B = Non-spawn XP
 C = Spawn XP percentage of total XP
 D = Spawn monster count
 E = Non-spawn monster count
 F = Spawn count percentage of total count
 G = Total turns spent on level
                    A         B        C        D         E        F      G
               +---------+---------+-------+---------+---------+-------+---------
         Total |       0 |      47 |   0.0 |       0 |      23 |   0.0 |   952
               +---------+---------+-------+---------+---------+-------+---------
           D:1 |       0 |      37 |   0.0 |       0 |      18 |   0.0 |   880
           D:2 |       0 |      10 |   0.0 |       0 |       5 |   0.0 |    72
               +---------+---------+-------+---------+---------+-------+---------
